 Dungeon Crawl Stone Soup version 0.16.1-30-g34a7ffa (webtiles) character file.

7763 Jb9000 the Blocker (level 11, -1/83 HPs)
             Began as a Human Fighter on June 19, 2015.
             Was a Priest of Qazlal.
             Slain by a five-headed hydra (7 damage)
             ... on level 1 of the Lair of Beasts.
             The game lasted 01:44:14 (14675 turns).

Jb9000 the Blocker (Human Fighter)                 Turns: 14675, Time: 01:44:14

Health: -1/83      AC: 20    Str: 25    XL:     11   Next: 43%
Magic:  10/13      EV:  8    Int:  8    God:    Qazlal [***...]
Gold:   295        SH: 17    Dex: 13    Spells: 0 memorised, 10 levels left

rFire  . . .     SeeInvis .     v - +4 short sword (vamp)
rCold  + . .     Clarity  .     y - +4 plate armour {rPois}
rNeg   . . .     SustAb   .     c - +0 shield
rPois  +         Gourm    .     w - +0 helmet
rElec  .         Spirit   .     N - +0 cloak
rCorr  .         Warding  .     (no gloves)
rMut   .         Stasis   .     (no boots)
MR     .....                    (no amulet)
Stlth  ..........               (no ring)
                                A - ring of protection from cold

@: mighty, not resistant to hostile enchantments, extremely unstealthy
A: no striking features
a: Upheaval, Elemental Force, Renounce Religion


You were on level 1 of the Lair of Beasts.
You worshipped Qazlal.
Qazlal was most pleased with you.
You were hungry.

You visited 3 branches of the dungeon, and saw 11 of its levels.

You collected 512 gold pieces.
You spent 217 gold pieces at shops.

Inventory:

Hand weapons
 b - a +3 spear
 h - a +1 trident of piercing
 l - a +0 hunting sling
 n - a +0 blowgun
 v - a +4 vampiric short sword (weapon)
 E - a +3 dagger of chaos
 H - a +3 hammer of protection
 K - a +3 hammer
 M - a +2 quarterstaff of chaos
 P - a cursed -2 hand axe
 T - a +0 falchion of flaming
 W - a +0 short sword of venom
Missiles
 f - 39 stones
 j - 12 poisoned arrows
 m - 21 poisoned needles
 q - 5 bolts of penetration
 G - 16 sling bullets of flame
 J - 5 needles of confusion
 X - 15 tomahawks (quivered)
Armour
 c - a +0 shield (worn)
 w - a +0 helmet (worn)
 y - a +4 plate armour of poison resistance (worn)
 N - a +0 cloak (worn)
 Y - the -5 buckler of the Blizzard {+Inv Int+3 Dex+6}
   (You found it on level 9 of the Dungeon)

   It affects your intelligence (+3).
   It affects your dexterity (+6).
   It lets you turn invisible.
Magical staves
 O - an uncursed staff of death
Jewellery
 A - a ring of protection from cold (left hand)
Magical devices
 a - a wand of cold (10)
 k - a wand of confusion (22)
 u - a wand of enslavement (8)
 C - a wand of magic darts (21)
 F - a wand of polymorph (11)
 I - a wand of draining (2)
 Q - a wand of paralysis (13)
 R - a wand of frost (26)
 S - a wand of magic darts (8)
 V - a wand of cold (9)
Scrolls
 p - 4 scrolls of teleportation
 s - 2 scrolls of magic mapping
 x - 2 scrolls of noise
 L - a scroll of fog
 Z - a scroll of remove curse
Potions
 t - a potion of brilliance
 B - a potion of agility
 U - a potion of curing
Books
 g - a book of the Sky

   Spells                             Type                      Level
   a - Flight                         Charms/Air                   3
   b - Airstrike                      Air                          4
   c - Silence                        Hexes/Air                    5
   d - Deflect Missiles               Charms/Air                   6
   e - Conjure Ball Lightning         Conjuration/Air              6
   f - Tornado                        Air                          9
 r - an Akashic Record {highlevel, unknown}

   This book is beyond your current level of understanding.

   Spells                             Type                      Level
   a - Dispersal                      Translocation                6
   b - Controlled Blink               Translocation                7
   c - Malign Gateway                 Summoning/Translocation      7
   d - Disjunction                    Translocation                8
   e - Singularity                    Translocation                9
Miscellaneous
 o - a crystal ball of energy
Comestibles
 d - 14 bread rations
 i - 20 fruits
 D - 3 meat rations


   Skills:
 + Level 6.6 Fighting
 + Level 5.2(5.4) Short Blades
 + Level 2.2(4.0) Long Blades
 + Level 4.0 Maces & Flails
 + Level 1.9(3.2) Slings
 + Level 4.0(4.2) Throwing
 + Level 8.3 Armour
 + Level 5.6 Dodging
 + Level 1.6 Stealth
 + Level 9.6 Shields
 + Level 1.2 Invocations
 + Level 1.2 Evocations


You had 10 spell levels left.
You didn't know any spells.

Dungeon Overview and Level Annotations

Branches:
Dungeon (9/15)             Temple (1/1) D:6            Lair (1/8) D:9
    Orc (0/4) D:9

Altars:
Ashenzari
Cheibriados
Dithmenos
Elyvilon
Fedhas
Gozag
Kikubaaqudgha
Makhleb
Nemelex Xobeh
Okawaru
Qazlal
Ru
Sif Muna
Trog
Vehumet
Xom
Yredelemnul
Zin
The Shining One

Shops:
D:4 (*   D:5 !   D:6 (

Annotations:
D:9 exclusion: statue


Message History

The five-headed hydra bites you but does no damage.
You are feeling hungry.
Evoke which item? (* to show all) (? for menu, Esc to quit)
Zapping:
Q - a wand of paralysis (14)
Press: ? - help, Shift-Dir - straight line, f - five-headed hydra
Aim: a five-headed hydra (almost dead, chance 17%)
The five-headed hydra resists with almost no effort.
This wand has 13 charges left.
The five-headed hydra bites you but does no damage.
You block the five-headed hydra's attack. x2
The five-headed hydra bites you.
* * * LOW HITPOINT WARNING * * *
You block the five-headed hydra's attack.
Drink which item? (? for menu, Esc to quit)
You feel very mighty all of a sudden.
The five-headed hydra bites you but does no damage.
The five-headed hydra bites you!
* * * LOW HITPOINT WARNING * * *
The five-headed hydra bites you!
You die...

### ###P# ### #### ## #...## #.#
##..## .## ##...# ##.## ##....##
..## ##...## #P..###....#.#
...######.....### ##..##.....#.#.
......##.......P###........P###..
..........##....@D........####...
..........###....ยง###.....#
##... .........####....##
#.....###.... .........###....##
##...###...## ##........##....#
#....#...### ##..............#
##.......##.# ................#
##........##..
........#......#####......#......
......##........##......#..#.....


You could see a five-headed hydra.

Vanquished Creatures
  3 spiny frogs (Lair:1)
  A fire drake (Lair:1)
  Grinder (D:5)
  5 blink frogs (Lair:1)
  2 spriggans
  Eustachio (D:7)
  Grum (D:9)
  A deep elf fighter (D:9)
  3 wolves (D:9)
  A hippogriff (D:9)
  Menkaure (D:4)
  A porcupine (Lair:1)
  An ice beast (D:6)
  A sky beast (D:6)
  2 wasps
  2 orc warriors
  A phantom (D:4)
  An eye of draining (D:8)
  2 ogres (D:9)
  4 centaurs
  Sigmund (D:6)
  2 crocodiles (Lair:1)
  7 giant frogs
  Blork the orc (D:5)
  A gnoll sergeant (D:8)
  A wyvern skeleton (D:6)
  A scorpion (D:9)
  9 crimson imps
  2 goliath beetles
  3 orc priests
  A giant frog zombie (D:6)
  4 hounds
  2 centaur skeletons
  2 jellies
  Crazy Yiuf (D:6)
  3 iguanas
  3 orc wizards
  Natasha (thrice) (D:6)
  2 worker ants
  Ijyb (D:6)
  Jessica (D:3)
  2 hound zombies
  2 worker ant zombies
  Robin (D:3)
  15 adders
  5 river rats
  10 gnolls
  4 shadow imps
  3 worms
  A giant mite (D:6)
  2 adder zombies
  An adder skeleton (D:7)
  7 giant geckos
  32 orcs
  5 ball pythons
  26 bats
  3 bat skeletons
  A bat zombie (D:5)
  9 giant cockroaches
  A gnoll zombie (D:5)
  22 goblins
  15 hobgoblins
  15 jackals
  3 quokkas
  A ball python zombie (D:6)
  5 giant newts
  12 kobolds
  A quokka skeleton (D:4)
  28 rats
  3 ballistomycetes (D:5)
  3 fungi (D:9)
  5 plants
329 creatures vanquished.

Vanquished Creatures (others)
  A giant spore (D:5)
  A fungus (D:9)
  A plant (Lair:1)
3 creatures vanquished.

Grand Total: 332 creatures vanquished

Notes
Turn   | Place    | Note
--------------------------------------------------------------
     0 | D:1      | Jb9000, the Human Fighter, began the quest for the Orb.
     0 | D:1      | Reached XP level 1. HP: 18/18 MP: 1/1
   118 | D:1      | Reached XP level 2. HP: 17/24 MP: 2/2
   742 | D:1      | Reached XP level 3. HP: 29/29 MP: 3/3
  1059 | D:2      | Reached skill level 1 in Slings
  1141 | D:2      | Reached XP level 4. HP: 28/35 MP: 4/4
  1977 | D:2      | Reached skill level 1 in Dodging
  2009 | D:2      | Reached XP level 5. HP: 41/41 MP: 5/5
  2210 | D:3      | Noticed Robin
  2241 | D:3      | Killed Robin
  2241 | D:3      | Reached skill level 1 in Short Blades
  2455 | D:3      | Noticed Jessica
  2475 | D:3      | Killed Jessica
  2475 | D:3      | Reached skill level 4 in Armour
  2566 | D:3      | Found an ancient bone altar of Kikubaaqudgha.
  2567 | D:3      | Found a stormy altar of Qazlal.
  2769 | D:3      | Reached XP level 6. HP: 43/47 MP: 6/6
  2888 | D:3      | You fall through a shaft!
  2888 | D:4      | Found Skechogaori's Antique Weapon Shoppe.
  2941 | D:4      | Bought a blowgun for 60 gold pieces
  3131 | D:4      | Noticed Menkaure
  3151 | D:4      | Killed Menkaure
  3243 | D:4      | Reached XP level 7. HP: 18/53 MP: 7/7
  3578 | D:4      | Found Civadgh's Assorted Antiques.
  3601 | D:4      | Bought a scroll labeled SOFFISAETT for 23 gold pieces
  3601 | D:4      | Bought a scroll of identify for 46 gold pieces
  3601 | D:4      | Bought a scroll labeled HEEXTU PUFEUTSOR for 23 gold pieces
  3865 | D:3      | Became a worshipper of Qazlal Stormbringer
  4238 | D:5      | Entered Level 5 of the Dungeon
  4538 | D:5      | Found a shimmering altar of Xom.
  4598 | D:5      | Noticed Blork the orc
  4896 | D:5      | Reached skill level 5 in Armour
  4896 | D:5      | Reached XP level 8. HP: 42/60 MP: 8/8
  5050 | D:5      | Found Gukau's Distillery.
  5078 | D:5      | Acquired Qazlal's first power
  5262 | D:5      | Bought a potion of heal wounds for 65 gold pieces
  5326 | D:5      | Killed Blork the orc
  5326 | D:5      | Reached skill level 5 in Shields
  5530 | D:5      | Found a shattered altar of Ashenzari.
  5530 | D:5      | Found an opulent altar of Gozag.
  5530 | D:5      | Found an iron altar of Okawaru.
  5530 | D:5      | Found a sparkling altar of Nemelex Xobeh.
  5624 | D:5      | Noticed Grinder
  5648 | D:5      | Paralysed by Grinder for 7 turns
  5708 | D:5      | Killed Grinder
  6006 | D:6      | Reached skill level 6 in Armour
  6162 | D:6      | Noticed Natasha
  6173 | D:6      | Killed Natasha
  6173 | D:6      | Reached XP level 9. HP: 47/66 MP: 9/9
  6338 | D:6      | Noticed Sigmund
  6353 | D:6      | Killed Sigmund
  6635 | D:6      | Reached skill level 1 in Stealth
  6898 | D:6      | Noticed Ijyb
  6911 | D:6      | Killed Ijyb
  6911 | D:6      | Acquired Qazlal's second power
  6911 | D:6      | Reached skill level 5 in Dodging
  6994 | D:6      | Found a snail-covered altar of Cheibriados.
  6995 | D:6      | Noticed Natasha
  7030 | D:6      | Killed Natasha
  7415 | D:6      | Reached skill level 1 in Throwing
  7419 | D:6      | Noticed Natasha
  7433 | D:6      | Killed Natasha
  7497 | D:6      | Found a staircase to the Ecumenical Temple.
  7505 | Temple   | Entered the Ecumenical Temple
  7654 | D:6      | Found Braabeg's Antique Weapon Shop.
  7809 | D:6      | Noticed Crazy Yiuf
  7814 | D:6      | Killed Crazy Yiuf
  8417 | D:6      | Identified a scroll of acquirement
  8623 | D:7      | Found an iron altar of Okawaru.
  8650 | D:7      | Found a blossoming altar of Fedhas.
  8825 | D:7      | Found a glowing golden altar of the Shining One.
  8980 | D:7      | Noticed Eustachio
  9009 | D:7      | Killed Eustachio
  9009 | D:7      | Reached skill level 7 in Shields
  9113 | D:7      | Reached skill level 5 in Fighting
  9267 | D:7      | Reached skill level 1 in Maces & Flails
  9603 | D:8      | Found a burning altar of Makhleb.
  9730 | D:8      | Found a snail-covered altar of Cheibriados.
  9853 | D:8      | Reached XP level 10. HP: 74/74 MP: 0/10
 10406 | D:8      | Noticed a moth of wrath
 10408 | D:8      | Found a bloodstained altar of Trog.
 10417 | D:8      | Acquired Qazlal's third power
 11332 | D:9      | Reached skill level 8 in Shields
 11362 | D:9      | Found a staircase to the Lair.
 11391 | D:9      | Reached skill level 1 in Invocations
 11666 | D:9      | Found a radiant altar of Vehumet.
 11947 | D:9      | Noticed Grum
 12019 | D:9      | Got a translucent buckler
 12030 | D:9      | Identified the cursed -5 buckler of the Blizzard {+Inv Int+3 Dex+6} (You found it on level 9 of the Dungeon)
 12078 | D:9      | Found a staircase to the Orcish Mines.
 12521 | D:9      | Killed Grum
 12846 | Lair:1   | Entered Level 1 of the Lair of Beasts
 12849 | Lair:1   | Noticed a spiny frog
 12852 | Lair:1   | Killed a spiny frog
 13140 | Lair:1   | Noticed a spriggan rider
 13158 | Lair:1   | Killed a spriggan rider
 13158 | Lair:1   | Killed a wasp
 13158 | Lair:1   | Reached skill level 9 in Shields
 13158 | Lair:1   | Reached XP level 11. HP: 52/81 MP: 12/12
 13688 | Lair:1   | Noticed a spiny frog
 13710 | Lair:1   | Noticed a spiny frog
 13712 | Lair:1   | Noticed a five-headed hydra
 14016 | Lair:1   | Reached skill level 1 in Evocations
 14139 | Lair:1   | Killed a spiny frog
 14139 | Lair:1   | Reached skill level 5 in Short Blades
 14224 | Lair:1   | Killed a spiny frog
 14675 | Lair:1   | Slain by a five-headed hydra

Action                   |  1- 3 |  4- 6 |  7- 9 | 10-12 || total
-------------------------+-------+-------+-------+-------++-------
Melee: Long sword        |    33 |       |       |       ||    33
       Dagger            |    61 |   117 |    86 |       ||   264
       Short sword       |       |   171 |   495 |   141 ||   807
       Hammer            |       |       |   113 |   475 ||   588
       Trident           |       |       |     1 |       ||     1
 Fire: Hunting sling     |    41 |    11 |     5 |       ||    57
       Blowgun           |       |       |     7 |       ||     7
Throw: Tomahawk          |       |       |    18 |    58 ||    76
       Stone             |       |       |       |     1 ||     1
Invok: Upheaval          |       |       |     1 |     6 ||     7
Evoke: Wand              |       |       |     5 |    10 ||    15
  Use: Scroll            |     5 |     6 |    20 |     9 ||    40
       Potion            |       |     4 |     4 |     3 ||    11
 Stab: Paralysed         |       |       |     2 |       ||     2
  Eat: Chunk             |     1 |     5 |    11 |     3 ||    20
       Pizza             |       |     1 |     2 |       ||     3
       Meat ration       |       |     1 |     2 |     2 ||     5
       Beef jerky        |       |       |     1 |       ||     1
       Royal jelly       |       |       |     1 |       ||     1
       Fruit             |       |       |       |     8 ||     8
